 Dungeon Crawl Stone Soup version 0.31.0-4-g52a2dc7128 (webtiles) character file.

Game seed: 8414502783368003430

3309 Ironhelm the Grappler (level 9, -5/93 HPs)
             Began as a Troll Fighter on Jan 22, 2024.
             Was a Priest of Okawaru.
             Slain by a hornet (14 damage)
             ... on level 8 of the Dungeon.
             The game lasted 00:11:53 (5216 turns).

Ironhelm the Grappler (Troll Fighter)               Turns: 5216, Time: 00:11:53

Health: -5/93      AC:  8    Str: 30    XL:     9   Next: 70%
Magic:  8/8        EV:  9    Int:  4    God:    Okawaru [***...]
Gold:   308        SH:  9    Dex:  9    Spells: 8/8 levels left

rFire   . .          .
                       - Unarmed
rCold   . . .        b - +0 kite shield
rNeg    + . .        t - +0 steam dragon scales
rPois   .            (helmet restricted)
rElec   .            s - +0 cloak
rCorr   .            (gloves unavailable)
SInv    .            (boots unavailable)
Will    .....        (no amulet)
Stlth   +            l - ring of positive energy
HPRegen 1.15/turn    (no ring)
MPRegen 0.11/turn

%: no passive effects
@: lethally poisoned (-5 -> -6), slowed, very slow
A: large, unfitting armour, claws 3, regeneration 1, shaggy fur 1, tough skin 1
a: Renounce Religion, Heroism


You were on level 8 of the Dungeon.
You worshipped Okawaru.
Okawaru was most pleased with you.
You visited 1 branch of the dungeon, and saw 8 of its levels.

You collected 308 gold pieces.

Inventory:

Hand Weapons
 m - the +11 mace "Enitimeu" {freeze, rF+}
   (You found it on level 4 of the Dungeon)

   rF+:       It protects you from fire.
Armour
 a - a +0 robe
 b - a +0 kite shield (worn)
 s - a +0 cloak (worn)
 t - +0 steam dragon scales (worn)
Jewellery
 l - a ring of positive energy (left claw)
Wands
 h - a wand of flame (20)
Scrolls
 d - 2 scrolls of amnesia {unknown}
 e - 2 scrolls of acquirement {unknown}
 f - 8 scrolls of identify {unknown}
 g - 3 scrolls of teleportation {unknown}
 j - a scroll of silence {unknown}
 k - 4 scrolls of vulnerability {unknown}
 p - 2 scrolls of enchant armour {unknown}
 r - a scroll of fear {unknown}
Potions
 c - 2 potions of might
 i - 4 potions of curing
 n - a potion of brilliance {unknown}
 o - a potion of magic {unknown}
 q - a potion of berserk rage {unknown}


   Skills:
 + Level 7.2 Fighting
 - Level 2.4 Dodging
 + Level 7.7 Shields
 + Level 8.2 Unarmed Combat


You had 8 spell levels left.
You didn't know any spells.
Your spell library contained the following spells:

 Spells                   Type           Power      Damage    Failure   Level
 Sting                    Conj/Alch      0%         1d3       67%         1
 Blink                    Tloc           0%         N/A       82%         2
 Ensorcelled Hibernation  Hex/Ice        0%         N/A       82%         2
 Lesser Beckoning         Tloc           0%         N/A       82%         2
 Mercury Vapours          Alch/Air       0%         N/A       82%         2
 Momentum Strike          Conj/Tloc      0%         3d8       82%         2
 Scorch                   Fire           0%         2d5       82%         2
 Passwall                 Erth           0%         N/A       96%         3
 Swiftness                Air            0%         N/A       96%         3
 Brom's Barrelling Bould  Conj/Erth      0%         2d3       100%        4
 Dimensional Bullseye     Hex/Tloc       0%         N/A       100%        4
 Flame Wave               Conj/Fire      0%         2d4       100%        4
 Iskenderun's Mystic Bla  Conj/Tloc      0%         2d3       100%        4
 Olgreb's Toxic Radiance  Alch           0%         N/A       100%        4
 Passage of Golubria      Tloc           0%         N/A       100%        4
 Fireball                 Conj/Fire      0%         3d3       100%        5
 Iskenderun's Battlesphe  Conj           0%         2d6       100%        5
 Yara's Violent Unravell  Hex/Alch       0%         3d3       100%        5
 Conjure Ball Lightning   Conj/Air       0%         3x3d6     100%        6
 Orb of Destruction       Conj           0%         9d5       100%        7
 Tukima's Dance           Hex            Unusable   N/A       N/A         3
 Summon Cactus Giant      Summ           Unusable   N/A       N/A         6

Dungeon Overview and Level Annotations

Branches:
Dungeon (8/15)             Temple (0/1) D:4
   Lair: D:8-11

Altars:
Cheibriados
Elyvilon
Okawaru
Zin

Shops:
D:2 *   D:7 *

Annotations:
D:6 4 runed translucent doors, Anaz's ghost, novice DgFi; Crazy Yiuf


Innate Abilities, Weirdness & Mutations

You are too large for most types of armour.
You have claws for hands.
Your natural rate of healing is unusually fast.
You are covered in fur. (AC +1)
You have tough skin. (AC +1)


Message History

You feel as though you will be slow longer.
You can move again.
You closely miss the hornet.
You feel very sick. The hornet stings you!
* * * LOW HITPOINT WARNING * * *
You are more poisoned.
You feel as though you will be slow longer.
The hornet misses you.
Okay, then.
It was a potion of curing.
You feel better. You block the hornet's attack. The hornet stings you.
You are poisoned.
You feel as though you will be slow longer.
Okay, then.
Okay, then.
You scratch the hornet.
The hornet is lightly wounded.
You feel very sick. The hornet closely misses you. The hornet stings you.
* * * LOW HITPOINT WARNING * * *
You feel as though you will be slow longer.
You closely miss the hornet.
The hornet is lightly wounded.
You feel sick. You block the hornet's attack. The hornet stings you.
* * * LOW HITPOINT WARNING * * *
You feel as though you will be slow longer.
You miss the hornet.
The hornet is lightly wounded.
You feel sick. The hornet stings you!
* * * LOW HITPOINT WARNING * * *
You feel as though you will be slow longer.
The hornet misses you.
You claw the hornet!
The hornet is moderately wounded.
You feel sick. The hornet closely misses you. You block the hornet's attack.
You barely miss the hornet.
The hornet is moderately wounded.
You feel sick. The hornet stings you!
You die...

#......# ####
#......##....
#............
#...........
#..........
#......#
#...†..#
#y.....#
#@######
#......#
#......#
#......#
#.....)# #.
#......# ##.
#...####
###.. #...#
#_#.. #...#
#.8..


You could see a hornet.

Vanquished Creatures
  Pikel (D:4)
  A wyvern (D:7)
  3 yaks (D:8)
  A steam dragon (D:8)
  A water moccasin (D:7)
  Duvessa (D:7)
  A sky beast (D:6)
  An ice beast (D:7)
  2 black bears
  An ogre (D:6)
  A lemure (D:4)
  2 phantoms
  A centaur (D:8)
  A bullfrog (D:7)
  3 scorpions
  A gnoll sergeant (D:8)
  Dowan (D:7)
  6 killer bees (D:7)
  2 hounds (D:5)
  3 bombardier beetles
  3 orc priests (D:7)
  Terence (D:3)
  5 iguanas
  2 sleepcaps (D:4)
  An orc wizard (D:7)
  9 gnolls
  3 adders
  4 dart slugs
  2 ribbon worms
  16 orcs
  14 endoplasms
  2 giant cockroaches
  12 goblins
  5 hobgoblins
  6 jackals (D:3)
  2 quokkas
  8 ball pythons
  8 bats
  4 frilled lizards
  7 kobolds
  5 rats
153 creatures vanquished.

Notes
Turn   | Place    | Note
-------+----------+-------------------------------------------
     0 | D:1      | Ironhelm the Troll Fighter began the quest for the Orb.
     0 | D:1      | Reached XP level 1. HP: 22/22 MP: 0/0
   270 | D:1      | Reached XP level 2. HP: 23/29 MP: 1/1
   890 | D:2      | Reached XP level 3. HP: 36/36 MP: 2/2
  1150 | D:2      | Found Wackooj's General Store.
  1403 | D:3      | You fall into a shaft and drop 2 floors!
  1403 | D:5      | Entered Level 5 of the Dungeon
  1432 | D:5      | Reached skill level 3 in Unarmed Combat
  1432 | D:5      | Reached XP level 4. HP: 30/45 MP: 3/3
  1489 | D:5      | Noticed a black bear
  1504 | D:5      | Killed a black bear
  1505 | D:5      | Reached XP level 5. HP: 21/54 MP: 4/4
  1601 | D:5      | Found an iron altar of Okawaru.
  1659 | D:5      | Reached skill level 4 in Unarmed Combat
  1659 | D:5      | Reached XP level 6. HP: 53/62 MP: 5/5
  1679 | D:5      | Became a worshipper of Warmaster Okawaru
  1712 | D:5      | Found a snail-covered altar of Cheibriados.
  2100 | D:4      | Identified the +11 mace "Enitimeu" {freeze, rF+}
  2255 | D:4      | Reached XP level 7. HP: 42/71 MP: 6/6
  2506 | D:4      | Found a staircase to the Ecumenical Temple.
  2517 | D:4      | Noticed Pikel
  2538 | D:4      | Killed Pikel
  2538 | D:4      | Reached * piety under Okawaru
  2539 | D:4      | Reached skill level 5 in Fighting
  2539 | D:4      | Reached skill level 5 in Shields
  2539 | D:4      | Reached skill level 5 in Unarmed Combat
  2647 | D:3      | Noticed Terence
  2651 | D:3      | Killed Terence
  2663 | D:3      | Reached XP level 8. HP: 80/80 MP: 7/7
  2785 | D:3      | Found the +8 trident of the Octopus King {venom, rElec
                  | rPois}
  2998 | D:3      | Found a faded altar of an unknown god.
  3087 | D:3      | Found a glowing silver altar of Zin.
  3224 | D:6      | Reached skill level 6 in Unarmed Combat
  3346 | D:6      | Found a runed translucent gate.
  3347 | D:6      | Found a runed translucent gate.
  3347 | D:6      | Found a runed translucent gate.
  3420 | D:6      | Found a runed translucent door.
  3421 | D:6      | Noticed Crazy Yiuf
  3472 | D:6      | Noticed Anaz's ghost (novice DgFi)
  4173 | D:7      | Reached ** piety under Okawaru
  4194 | D:7      | Reached skill level 7 in Unarmed Combat
  4196 | D:7      | Reached XP level 9. HP: 40/89 MP: 8/8
  4271 | D:7      | Noticed Dowan
  4272 | D:7      | Noticed Duvessa
  4280 | D:7      | Killed Duvessa
  4291 | D:7      | Killed Dowan
  4516 | D:7      | Found Sam Neut's Assorted Antiques.
  4965 | D:8      | Found a white marble altar of Elyvilon.
  5106 | D:8      | Reached *** piety under Okawaru
  5107 | D:8      | Reached skill level 8 in Unarmed Combat
  5209 | D:8      | Paralysed by a hornet for 1 turns
  5216 | D:8      | Slain by a hornet

Illustrated notes

Levels and vault maps discovered:
D:1:      minmay_arrival_widening_spiral_narrow, layout_loops_ring,
          minmay_tetromino_i2
D:2:      layout_rooms, serial_forest, infiniplex_forest_clump_cross,
          infiniplex_forest_straight_3, infiniplex_forest_lined_ring,
          infiniplex_forest_clump_long, infiniplex_forest_lined_2,
          infiniplex_forest_clump_curved, infiniplex_forest_zigzag_1,
          serial_shops, shop, kennysheep_pointless_box,
          kennysheep_generic_room_11
D:3:      layout_rooms, zin_scriptorium, shapermc_ecumenical_altar_notcrosses,
          uniq_terence
D:4:      layout_loops_ring, minmay_temple_entry_from_below_a, uniq_pikel
D:5:      layout_rooms, okawaru_ov_weapons_minmay, slow_altar_1
D:6:      layout_loops_ring, biasface_ghost_orc_armoury, serial_glass,
          glass_columns_c, glass_columns_a, uniq_crazy_yiuf_cottage
D:7:      layout_loops_ring, serial_shops, shop, uniq_duvessa
D:8:      layout_gridville, minitemple, serial_shops, shop,
          ebering_ghost_rock_garden, uniq_grum, uniq_prince_ribbit1, uniq_joseph

Skill      XL: |  1  2  3  4  5  6  7  8  9 |
---------------+----------------------------+-----
Fighting       | 3 4 5 6 7 |  7.2
Shields        | 3 4 5 6 7 |  7.7
Unarmed Combat | 3 4 5 7 8 |  8.2
Dodging        | |  2.4

Action                     |  1- 3 |  4- 6 |  7- 9 || total
---------------------------+-------+-------+-------++-------
  Melee: Unarmed           |   119 |    89 |   285 ||   493
    Use: Potion            |       |       |     5 ||     5
 Armour: Robe              |    64 |    56 |   192 ||   312
         Steam dragon scal |       |       |    12 ||    12
  Dodge: Dodged            |    34 |    29 |    96 ||   159
  Block: Kite shield       |    38 |    40 |   128 ||   206
